 Dungeon Crawl Stone Soup version 0.27-a0-345-g7370b58738 (webtiles) character file.

Game seed: 5743071541147387256

8 Majang the Charlatan (level 2, -1/14 HPs)
             Began as a Spriggan Artificer on Feb 15, 2021.
             Slain by a hobgoblin (5 damage)
             ... on level 1 of the Dungeon.
             The game lasted 00:01:54 (475 turns).

Majang the Charlatan (Spriggan Artificer)            Turns: 475, Time: 00:01:55

Health: -1/14      AC:  2    Str:  8    XL:     2   Next: 0%
Magic:  3/3        EV: 18    Int: 12    God:
Gold:   14         SH:  0    Dex: 15    Spells: 1/1 levels left

rFire    . . .     SeeInvis +   a - +0 club
rCold    . . .     Faith    .   (shield restricted)
rNeg     . . .     Spirit   .   b - +0 robe
rPois    .         Reflect  .   (helmet restricted)
rElec    .         Harm     .   (no cloak)
rCorr    .         Rampage  .   (gloves unavailable)
Will     .....                  (boots unavailable)
Stlth    ++........             (no amulet)
HPRegen  0.04/turn              (no ring)
MPRegen  0.08/turn              (no ring)

@: very quick
A: very small, unfitting armour, see invisible, speed 3
a: no special abilities


You were on level 1 of the Dungeon.
You visited 1 branch of the dungeon, and saw 1 of its levels.

You collected 14 gold pieces.

Inventory:

Hand Weapons
 a - a +0 club (weapon)
Armour
 b - a +0 robe (worn)
Wands
 c - a wand of flame (14) (quivered)
 d - a wand of charming (15)
 e - a wand of random effects (13)
Scrolls
 f - a scroll of teleportation {unknown}


   Skills:
 + Level 0.9 Fighting
 * Level 0.7 Long Blades
 + Level 3.3 Dodging
 + Level 2.0 Stealth
 + Level 4.1 Evocations


You had one spell level left.
You didn't know any spells.
Your spell library was empty.

Dungeon Overview and Level Annotations

Branches:
Dungeon (1/15)

Altars:


Innate Abilities, Weirdness & Mutations

You are very small and have problems with some larger weapons.
You are too small for most types of armour.
You have supernaturally acute eyesight. (SInv)
You cover ground extremely quickly.


Message History

HP restored.
A bat comes into view.
Found a scroll labelled LEHO TERRUELOL.
A dart slug comes into view.
You hit the bat.
You kill the bat!
You hit the dart slug.
The dart slug is moderately wounded.
The dart slug launches a dart at you. The slug dart hits you.
You hit the dart slug but do no damage.
The dart slug is moderately wounded.
The dart slug completely misses you.
You hit the dart slug.
The dart slug is heavily wounded.
The dart slug closely misses you.
You hit the dart slug.
The dart slug is almost dead.
You hit the dart slug.
You kill the dart slug!
Your Stealth skill increases to level 2!
You have reached level 2!
You start resting.
HP restored.
Found a stone staircase leading down.
Found a whip.
A hobgoblin comes into view.
The hobgoblin shouts!
You see here a scroll labelled LEHO TERRUELOL.
f - a scroll labelled LEHO TERRUELOL You barely miss the hobgoblin.
The hobgoblin hits you.
You hit the hobgoblin.
The hobgoblin is heavily wounded.
The hobgoblin hits you.
You closely miss the hobgoblin.
The hobgoblin is heavily wounded.
The hobgoblin hits you.
* * * LOW HITPOINT WARNING * * *
The hobgoblin hits you.
You die...

####### #......
#......#### #.....g@..#
#####
#.........###...####
#.....>............#####
#........)##.....#.#....
#.........##.###.#.#.###
#.........##.###...#....
#####.....##.......#####
#.....#######..รท..(.
##+#### ##.####.


You could see a hobgoblin.

Vanquished Creatures
  A dart slug (D:1)
  2 bats (D:1)
  A goblin (D:1)
  A frilled lizard (D:1)
  A kobold (D:1)
  A rat (D:1)
7 creatures vanquished.

Notes
Turn   | Place    | Note
-------+----------+-------------------------------------------
     0 | D:1      | Majang the Spriggan Artificer began the quest for the Orb.
     0 | D:1      | Reached XP level 1. HP: 9/9 MP: 2/2
   360 | D:1      | Reached XP level 2. HP: 9/14 MP: 3/3
   475 | D:1      | Slain by a hobgoblin

Illustrated notes

Levels and vault maps discovered:
D:1:      doesnt_arrival_eight_statues, layout_basic

Skill      XL: |  1 |
---------------+----+-----
Stealth        | 2 |  2.0
Fighting       | |  0.9
Long Blades    | |  0.7
Dodging        | |  3.3
Evocations     | |  4.1

Action                   || total
-------------------------++-------
Melee: Club              ||    39
Evoke: Wand              ||     3
Armor: Robe              ||     3
Dodge: Dodged            ||    43

Table legend: (Time is in decaauts)
 A = Elapsed time spent in this place.
 B = Non-inter-level travel time spent in this place.
 C = Inter-level travel time spent in this place.
 D = Time resting spent in this place.
 E = Time spent auto-exploring this place.
 F = Levels seen in this place.
 G = Mean time per level.
                   A        B        C        D        E       F      G
               +--------+--------+--------+--------+--------+-----+--------+
         Total |    458 |    458 |      0 |    355 |     25 |   1 |  458.0 |
       Dungeon |    458 |    458 |      0 |    355 |     25 |   1 |  458.0 |
               +--------+--------+--------+--------+--------+-----+--------+

Top non-repeatable levels by time:
     D:1: 458 daAuts
